Map: Black Site 2E

Players

Yata

  • Race: Zerg Zerg
  • League: Gold
  • Spawn Location: 12:00

SHreddedWInd

  • Race: Protoss Protoss
  • League: Diamond
  • Spawn Location: 9:00

Myhome

  • Race: Terran Terran
  • League: Diamond
  • Spawn Location: 11:00

Paramount - Winner!

  • Race: Protoss Protoss
  • League: Diamond
  • Spawn Location: 3:00

Tytan - Winner!

  • Race: Protoss Protoss
  • League: Diamond
  • Spawn Location: 6:00

Phobos - Winner!

  • Race: Terran Terran
  • League: Diamond
  • Spawn Location: 5:00

VOD

Have the link to the VOD?

Description

Time

  • Played on: Sept. 4, 2017, 9:16 p.m.
  • Length: 16:46
Show
View Real Time Build Order
Export as new Build Order

Yata Zerg 

Build Orders: Hatch First 

Get SALT Encoding   

  13  0:07  Drone  
  13  0:13  Overlord  
  13  0:18  Drone  
  14  0:31  Drone x2  
  16  0:39  Drone  
  17  0:57  Hatchery  
  17  0:58  Drone  
  17  1:02  Drone  
  18  1:39  Drone x3  
  21  1:58  Extractor  
  20  2:05  Spawning Pool  
  19  2:09  Drone  
  19  2:10  Overlord x2  
  20  2:21  Drone x2  
  22  2:23  Drone  
  23  2:32  Drone  
  23  2:51  Drone x2  
  23  2:52  Drone  
  23  2:54  Queen  
  23  2:55  Queen  
  23  2:58  Metabolic Boost  
  30  3:20  Drone, Baneling Nest  
  30  3:21  Drone x5  
  30  3:26  Spore Crawler  
  34  3:28  Spore Crawler  
  33  3:45  Overlord  
  33  3:50  Drone x3  
  33  3:54  Extractor  
  35  3:56  Extractor  
  34  4:16  Lair  
  34  4:25  Evolution Chamber  
  34  4:30  Evolution Chamber  
  32  4:36  Drone x4  
  32  4:37  Drone x5  
  38  4:54  Hatchery  
  38  4:56  Drone x2  
  38  4:57  Drone x4  
  43  5:03  Zerg Ground Armor Level 1  
  43  5:06  Zergling x2  
  44  5:08  Overlord  
  44  5:09  Overlord x3  
  44  5:23  Extractor  
  44  5:25  Zergling x2  
  44  5:27  Zergling x10  
  49  5:31  Zergling x6  
  46  5:57  Hydralisk Den  
  45  6:05  Zerg Missile Weapons Level 1  
  45  6:08  Queen  
  45  6:11  Zergling x12  
  50  6:12  Zergling x10  
  58  6:20  Drone x3  
  58  6:24  Queen  
  58  6:25  Queen  
  63  6:29  Muscular Augments  
  65  6:34  Baneling x3  
  65  6:35  Baneling x2  
  65  6:43  Queen  
  67  6:53  Spore Crawler, Hydralisk  
  67  6:54  Spore Crawler, Hydralisk x3  
  73  7:05  Overlord x3  
  73  7:28  Hydralisk  
  73  7:29  Hydralisk x4  
  83  7:44  Baneling x5  
  70  7:58  Hydralisk  
  70  7:59  Hydralisk x2  
  70  8:15  Zerg Melee Weapons Level 1  
  70  8:18  Hydralisk  
  72  8:29  Overlord x2  
  72  8:35  Zergling x2  
  73  8:47  Zergling x4, Queen x3  
  73  8:48  Zergling x8  
  82  8:49  Zergling x4  
  87  9:02  Overlord x2  
  87  9:14  Lurker Den  
  87  9:17  Spore Crawler  
  86  9:23  Hydralisk x2  
  90  9:35  Zergling x8  
  83  9:49  Hydralisk x2  
  87  9:58  Drone x3  
  90  10:00  Drone  
  44  11:02  Zergling x2  
  44  11:03  Zergling x32  
  33  11:31  Zergling x2  
  33  11:32  Zergling x2  
  12  11:57  Hatchery  
  10  12:09  Drone x2  
  10  12:10  Drone  
  13  12:41  Drone  
  14  12:51  Drone  
  15  13:02  Drone  
  16  13:16  Drone  
  17  13:30  Drone  
  17  13:31  Drone  
  6  14:52  Extractor  
Show
View Real Time Build Order
Export as new Build Order

SHreddedWInd Protoss 

Build Orders: Oracle Opening 

Get SALT Encoding   

  12  0:00  Probe (Chrono Boost)  
  13  0:11  Probe (Chrono Boost)  
  14  0:17  Pylon  
  14  0:22  Probe (Chrono Boost)  
  15  0:36  Probe (Chrono Boost)  
  15  0:39  Gateway  
  16  0:46  Assimilator, Probe (Chrono Boost)  
  18  0:57  Probe (Chrono Boost)  
  18  1:07  Probe (Chrono Boost)  
  19  1:11  Pylon  
  19  1:18  Probe (Chrono Boost)  
  20  1:25  Cybernetics Core  
  20  1:29  Assimilator, Probe (Chrono Boost)  
  21  1:39  Probe (Chrono Boost)  
  22  1:53  Probe (Chrono Boost)  
  23  2:02  Nexus  
  23  2:03  Warp Gate  
  23  2:10  Adept  
  25  2:18  Mothership Core (Chrono Boost)  
  27  2:31  Pylon  
  27  2:36  Probe (Chrono Boost)  
  28  2:43  Stargate  
  28  2:49  Gateway  
  28  2:55  Probe (Chrono Boost)  
  29  3:06  Probe (Chrono Boost)  
  30  3:17  Probe (Chrono Boost)  
  31  3:27  Probe (Chrono Boost), Oracle (Chrono Boost)  
  35  3:39  Gateway, Probe (Chrono Boost)  
  36  3:42  Probe (Chrono Boost)  
  37  3:49  Probe  
  37  3:52  Assimilator  
  37  3:53  Probe  
  39  4:00  Probe  
  40  4:05  Probe  
  41  4:10  Adept x2  
  41  4:15  Probe  
  46  4:26  Probe  
  47  4:32  Adept x2  
  47  4:36  Probe  
  47  4:37  Probe  
  53  4:44  Pylon  
  53  4:46  Pylon  
  53  4:47  Probe  
  53  4:48  Stargate  
  54  5:02  Probe  
  54  5:03  Void Ray (Chrono Boost)  
  54  5:06  Adept x2  
  63  5:09  Adept  
  65  5:32  Pylon  
  65  5:33  Pylon  
  65  5:34  Void Ray (Chrono Boost), Protoss Air Weapons Level 1 (Chrono Boost)  
  69  5:50  Void Ray  
  69  5:55  Stalker x3  
  76  6:07  Probe  
  76  6:10  Nexus  
  78  6:11  Probe  
  78  6:15  Pylon x2  
  78  6:18  Probe  
  78  6:21  Void Ray  
  83  6:33  Void Ray  
  83  6:39  Probe  
  88  6:46  Pylon  
  88  6:49  Pylon  
  88  6:52  Probe  
  88  6:53  Stargate  
  89  7:00  Stalker x3, Probe  
  95  7:04  Assimilator  
  96  7:09  Void Ray  
  96  7:11  Probe  
  101  7:21  Void Ray  
  101  7:22  Probe  
  106  7:34  Probe  
  99  7:43  Stalker  
  99  7:44  Stalker x2  
  91  8:07  Void Ray  
  95  8:20  Void Ray  
  95  8:24  Probe  
  100  8:27  Probe  
  101  8:34  Probe  
  101  8:35  Probe  
  101  8:36  Void Ray  
  101  8:39  Probe  
  108  8:42  Assimilator  
  108  8:45  Probe  
  108  8:46  Probe  
  108  8:47  Assimilator  
  110  8:55  Probe  
  110  8:57  Stalker x2  
  110  8:58  Pylon  
  115  9:04  Nexus  
  115  9:12  Void Ray  
  115  9:13  Probe  
  120  9:23  Probe  
  120  9:27  Void Ray x2  
  93  10:07  Stalker x3  
  97  10:11  Gateway  
  97  10:12  Gateway  
  99  10:15  Gateway  
  99  10:16  Gateway  
  99  10:17  Gateway, Void Ray x2  
  99  10:18  Void Ray  
  111  10:22  Gateway, Protoss Air Armor Level 1 (Chrono Boost)  
  111  10:25  Gateway  
  111  10:30  Forge  
  111  10:31  Forge  
  73  10:54  Stalker x2  
  73  10:55  Stalker  
  67  11:01  Void Ray (Chrono Boost)  
  67  11:02  Void Ray (Chrono Boost)  
  67  11:03  Void Ray (Chrono Boost)  
  79  11:08  Protoss Ground Weapons Level 1 (Chrono Boost), Protoss Ground Armor Level 1 (Chrono Boost)  
  79  11:26  Zealot x6  
  91  12:06  Stalker x4  
  91  12:07  Stalker x2  
  91  12:08  Stalker x2  
  107  12:12  Probe  
  108  12:23  Probe  
  109  12:30  Void Ray (Chrono Boost)  
  113  12:45  Assimilator  
  113  12:54  Void Ray (Chrono Boost)  
  116  13:08  Stalker  
  116  13:09  Stalker  
  116  13:12  Void Ray (Chrono Boost)  
  114  13:59  Void Ray x2 (Chrono Boost)  
  114  14:02  Stalker x2  
  128  14:03  Stalker  
  128  14:07  Void Ray (Chrono Boost)  
  122  14:47  Void Ray (Chrono Boost)  
  122  14:48  Void Ray (Chrono Boost), Stalker  
  122  14:52  Probe  
  133  14:56  Pylon  
  133  14:57  Pylon x2  
  133  14:58  Pylon  
  133  15:14  Probe  
  138  15:21  Stalker  
  138  15:22  Stalker x4  
  138  15:23  Stalker x5  
  138  15:26  Void Ray (Chrono Boost), Probe  
Show
View Real Time Build Order
Export as new Build Order

Myhome Terran 

Build Orders: MMM Bio 

Get SALT Encoding   

  12  0:01  SCV  
  13  0:13  SCV  
  14  0:18  Supply Depot  
  14  0:26  SCV  
  15  0:40  SCV  
  15  0:42  Barracks  
  16  0:48  Refinery  
  16  0:52  SCV  
  17  1:04  Barracks  
  17  1:05  SCV  
  18  1:18  SCV  
  19  1:24  Refinery  
  19  1:30  SCV  
  20  1:37  Barracks Reactor  
  20  1:47  Orbital Command  
  20  1:51  Barracks Tech Lab  
  20  2:12  Marine  
  20  2:14  SCV  
  20  2:15  Marine  
  23  2:20  Supply Depot  
  23  2:41  SCV, Marine  
  23  2:43  Command Center  
  25  2:47  Marine  
  25  2:49  Marine  
  27  2:54  SCV  
  28  3:01  Marine  
  28  3:03  Stimpack  
  29  3:07  SCV  
  30  3:13  Supply Depot  
  30  3:15  Marine  
  31  3:33  Factory  
  31  3:34  SCV, Marine x2  
  34  3:41  Marine  
  34  3:46  SCV  
  36  3:52  Marine x2  
  38  3:58  Barracks  
  38  3:59  Orbital Command  
  38  4:02  SCV  
  39  4:04  Marine  
  40  4:14  Engineering Bay  
  40  4:15  SCV  
  41  4:18  Factory Tech Lab  
  41  4:25  Starport  
  41  4:28  SCV  
  42  4:34  Marine  
  43  4:42  Missile Turret  
  43  4:43  Missile Turret  
  43  4:45  SCV x2  
  45  4:46  Marine  
  45  4:49  Barracks Reactor  
  45  4:51  Marine  
  47  4:57  SCV x2  
  49  5:00  Supply Depot  
  49  5:03  Marine  
  49  5:05  Combat Shields  
  50  5:09  Marine  
  50  5:10  Marine  
  50  5:12  Starport Reactor  
  52  5:14  SCV  
  52  5:15  SCV  
  52  5:20  Terran Infantry Weapons Level 1  
  54  5:22  Marine  
  54  5:26  Marine  
  54  5:27  Marine x2  
  54  5:28  Marine  
  59  5:29  SCV  
  59  5:30  SCV  
  61  5:36  Supply Depot  
  61  5:40  Marine  
  62  5:53  Supply Depot  
  62  5:56  Supply Depot  
  62  5:57  Medivac x2, SCV x2, Marine x2  
  70  6:11  Barracks  
  70  6:14  Marine x3  
  70  6:15  SCV x2  
  70  6:17  Marine x2  
  77  6:21  Supply Depot  
  77  6:22  Supply Depot  
  77  6:32  Marine x2, Engineering Bay  
  77  6:35  Marine x2  
  77  6:36  Armory, Marine  
  82  6:40  Medivac  
  82  6:41  Medivac  
  86  6:50  Marine  
  87  6:56  Marine x4  
  87  6:57  SCV  
  92  7:06  Marine  
  92  7:07  SCV  
  92  7:08  Marine  
  95  7:10  Medivac x2, SCV  
  95  7:13  Marine  
  101  7:16  Marine  
  101  7:18  Terran Infantry Armor Level 1  
  101  7:22  Marine x2  
  101  7:24  Supply Depot x2, Marine  
  101  7:26  Supply Depot  
  89  7:40  Marine x5  
  89  7:42  Marine  
  94  7:57  Marine  
  86  8:17  Marine x5  
  86  8:18  Marine  
  92  8:26  Barracks  
  92  8:27  Barracks x3  
  92  8:35  Marine x5  
  92  8:39  Medivac x2  
  92  8:40  Siege Tank  
  104  8:41  Terran Infantry Weapons Level 2  
  104  8:47  Marine  
  105  8:53  Marine x3  
  108  8:55  Marine  
  108  8:56  Marine  
  108  8:58  Command Center  
  110  9:05  Marine  
  110  9:08  SCV x2  
  113  9:10  Marine  
  113  9:11  Marine x2  
  113  9:13  Marine  
  113  9:14  Marine  
  113  9:15  Refinery  
  113  9:16  Terran Infantry Armor Level 2  
  118  9:17  Marine x2  
  118  9:18  Refinery  
  118  9:23  Marine  
  121  9:25  Marine x2  
  121  9:28  Marine x3  
  126  9:41  Marine  
  126  9:42  Marine x2  
  116  9:46  Supply Depot  
  116  9:47  Supply Depot  
  86  10:11  Marine x8  
  86  10:12  Marine x2  
  88  10:25  Medivac x2  
  92  10:28  Marine  
  92  10:29  Marine x8  
  92  10:30  Marine  
  102  10:46  Marine x3  
  102  10:47  Marine x3  
  102  10:49  Marine  
  106  10:50  Marine x3  
  106  10:53  Siege Tank  
  106  10:54  Medivac  
  106  10:55  Medivac  
  117  11:04  Marine x3  
  101  11:24  Medivac x2  
  101  11:25  Siege Tank  
  108  11:26  Marine x6  
  108  11:27  Marine x3  
  115  11:43  Marine  
  115  11:44  Marine x8  
  115  11:45  Marine  
  124  12:01  Marine x3  
  124  12:02  Marine x2  
  120  12:24  Marine x7  
  120  12:25  Marine x3  
  120  12:27  SCV x2  
  132  12:30  Orbital Command  
  132  12:42  Marine x7  
  132  12:43  Marine x2  
  141  12:47  Marine  
  142  12:59  Marine  
  142  13:00  Marine x7  
  142  13:04  Marine x2  
  152  13:17  Marine x3  
  152  13:18  Marine x2  
  157  13:32  Marine  
  157  13:33  Marine x4  
  119  13:58  Marine  
  119  13:59  Marine x5  
  119  14:08  Marine x4  
  110  14:16  Marine x3  
  110  14:17  Marine x3  
  108  14:26  Marine x4  
  112  14:34  Marine x4  
  112  14:35  Marine x2  
  118  14:49  Marine x4  
  118  14:52  Marine x6, SCV x3  
  131  15:07  Marine x4  
  131  15:10  Marine x3  
  138  15:16  Marine x3  
  141  15:25  Marine x4  
  145  15:32  Marine x2  
  145  15:33  Marine x2  
  145  15:34  Marine x2  
  98  15:51  Marine x5  
  98  15:52  Marine  
  98  15:55  Marine  
  90  16:03  Marine x2  
  86  16:24  Marine x6  
Show
View Real Time Build Order
Export as new Build Order

Paramount Protoss - Winner!

Build Orders: 1 Gate Expand, Oracle Opening 

Get SALT Encoding   

  12  0:01  Probe (Chrono Boost)  
  13  0:12  Probe (Chrono Boost)  
  14  0:19  Pylon  
  14  0:22  Probe (Chrono Boost)  
  15  0:38  Probe (Chrono Boost)  
  15  0:40  Gateway  
  16  0:46  Assimilator  
  16  0:49  Probe (Chrono Boost)  
  17  0:59  Probe (Chrono Boost)  
  18  1:12  Probe (Chrono Boost)  
  19  1:29  Nexus  
  20  1:38  Cybernetics Core  
  19  1:40  Probe (Chrono Boost)  
  19  1:45  Assimilator  
  20  1:50  Probe (Chrono Boost)  
  21  1:58  Pylon  
  22  2:01  Probe (Chrono Boost)  
  22  2:12  Probe (Chrono Boost)  
  25  2:23  Mothership Core (Chrono Boost)  
  24  2:31  Zealot  
  26  2:41  Probe (Chrono Boost)  
  26  2:43  Assimilator  
  27  2:46  Stargate, Probe (Chrono Boost)  
  27  2:47  Assimilator  
  28  2:52  Probe (Chrono Boost)  
  28  2:54  Warp Gate  
  29  3:01  Probe (Chrono Boost)  
  29  3:03  Probe (Chrono Boost)  
  31  3:11  Probe (Chrono Boost)  
  32  3:13  Probe (Chrono Boost)  
  33  3:22  Probe (Chrono Boost)  
  33  3:24  Probe (Chrono Boost)  
  33  3:26  Pylon  
  35  3:31  Oracle (Chrono Boost)  
  38  3:36  Probe x2  
  40  3:48  Pylon, Probe  
  40  3:49  Probe  
  42  4:00  Probe  
  42  4:01  Probe  
  44  4:09  Void Ray (Chrono Boost)  
  48  4:10  Probe  
  48  4:15  Probe  
  50  4:21  Probe  
  51  4:36  Probe x2  
  53  4:49  Void Ray (Chrono Boost)  
  53  4:50  Probe x2  
  59  4:54  Nexus  
  59  5:02  Probe  
  59  5:03  Stargate  
  59  5:06  Probe  
  61  5:15  Probe  
  61  5:19  Forge  
  62  5:44  Pylon  
  62  5:47  Pylon  
  62  5:53  Photon Cannon  
  62  5:59  Photon Cannon  
  62  6:00  Probe  
  62  6:02  Probe  
  64  6:08  Void Ray (Chrono Boost)  
  72  6:12  Fleet Beacon, Probe  
  72  6:13  Pylon  
  72  6:14  Void Ray (Chrono Boost), Probe x2  
  75  6:18  Assimilator  
  75  6:22  Assimilator, Probe  
  75  6:25  Probe  
  76  6:29  Probe  
  78  6:37  Probe  
  79  6:40  Stargate  
  79  6:41  Stargate  
  79  6:45  Probe  
  79  6:46  Probe  
  81  6:47  Probe  
  81  6:48  Void Ray (Chrono Boost)  
  86  7:00  Probe  
  87  7:02  Probe  
  87  7:03  Graviton Catapult  
  87  7:07  Void Ray (Chrono Boost)  
  92  7:10  Probe  
  92  7:11  Pylon  
  92  7:12  Probe  
  92  7:14  Pylon  
  94  7:21  Probe  
  107  7:31  Pylon  
  107  7:33  Pylon  
  107  7:37  Carrier (Chrono Boost)  
  107  7:41  Carrier (Chrono Boost)  
  107  7:47  Probe  
  107  7:51  Carrier (Chrono Boost)  
  117  7:57  Carrier (Chrono Boost)  
  115  8:11  Photon Cannon  
  115  8:12  Mothership Core  
  117  8:15  Photon Cannon  
  117  8:19  Photon Cannon  
  117  8:21  Nexus  
  117  8:23  Protoss Shields Level 1  
  117  8:26  Protoss Air Weapons Level 1 (Chrono Boost), Probe  
  117  8:29  Photon Cannon  
  118  8:35  Pylon  
  118  8:36  Pylon  
  124  8:45  Carrier (Chrono Boost)  
  124  8:47  Carrier (Chrono Boost)  
  136  9:07  Carrier (Chrono Boost)  
  142  9:10  Probe  
  142  9:13  Pylon  
  142  9:14  Carrier (Chrono Boost)  
  142  9:15  Pylon  
  149  9:18  Pylon  
  149  9:22  Twilight Council  
  147  10:02  Carrier x2  
  159  10:18  Pylon  
  159  10:20  Protoss Shields Level 2  
  159  10:21  Pylon  
  159  10:22  Protoss Air Weapons Level 2 (Chrono Boost)  
  159  10:24  Pylon  
  159  10:30  Nexus  
  159  10:33  Pylon  
  159  10:36  Pylon  
  159  10:47  Carrier x2  
  151  11:07  Assimilator  
  151  11:09  Assimilator  
  151  11:24  Void Ray x2  
  159  11:35  Mothership Core  
  161  12:10  Probe  
  161  12:11  Photon Cannon  
  161  12:12  Probe x3  
  161  12:13  Photon Cannon x2  
  161  12:15  Photon Cannon  
  165  12:16  Carrier  
  165  12:19  Photon Cannon  
  165  12:24  Probe  
  165  12:25  Probe x2  
  165  12:26  Carrier  
  165  12:27  Carrier  
  186  12:31  Protoss Air Weapons Level 3 (Chrono Boost)  
  186  12:34  Stargate  
  186  12:36  Stargate  
  186  12:47  Nexus  
  186  12:50  Pylon  
  186  13:03  Protoss Shields Level 3  
  192  13:18  Photon Cannon  
  192  13:20  Photon Cannon  
  192  13:21  Void Ray x2  
  192  13:22  Pylon  
  192  13:26  Pylon  
  194  14:48  Protoss Air Armor Level 1 (Chrono Boost)  
  194  14:57  Assimilator  
  194  15:00  Assimilator  
  194  15:02  Gateway, Photon Cannon  
  194  15:03  Charge  
  194  15:04  Gateway  
  194  15:06  Gateway  
  194  15:08  Gateway  
  194  15:10  Gateway  
  194  15:11  Templar Archives  
Show
View Real Time Build Order
Export as new Build Order

Tytan Protoss - Winner!

Build Orders:  

Get SALT Encoding   

  12  0:01  Probe (Chrono Boost)  
  13  0:11  Probe (Chrono Boost)  
  14  0:18  Pylon  
  14  0:22  Probe (Chrono Boost)  
  15  0:37  Probe (Chrono Boost)  
  15  0:39  Gateway  
  16  0:47  Probe (Chrono Boost)  
  17  0:55  Assimilator  
  17  0:58  Probe (Chrono Boost)  
  18  1:08  Probe (Chrono Boost)  
  19  1:19  Pylon  
  19  1:21  Probe (Chrono Boost)  
  20  1:27  Cybernetics Core  
  20  1:31  Probe (Chrono Boost)  
  21  1:42  Probe (Chrono Boost)  
  22  1:52  Probe (Chrono Boost)  
  22  1:54  Nexus  
  23  2:03  Probe (Chrono Boost)  
  23  2:04  Warp Gate (Chrono Boost)  
  23  2:07  Stalker  
  26  2:15  Probe  
  27  2:20  Pylon  
  27  2:27  Probe  
  28  2:39  Probe  
  29  2:52  Mothership Core, Stalker  
  29  2:57  Assimilator  
  33  3:09  Pylon, Probe  
  33  3:11  Pylon  
  34  3:13  Probe  
  35  3:20  Probe  
  35  3:25  Probe  
  39  3:30  Probe  
  39  3:31  Assimilator  
  39  3:33  Assimilator  
  40  3:37  Probe  
  39  3:41  Probe  
  40  3:49  Probe  
  40  3:54  Stalker  
  43  4:00  Probe  
  43  4:02  Probe  
  45  4:06  Gateway  
  45  4:11  Gateway  
  45  4:12  Gateway, Probe  
  45  4:14  Probe  
  47  4:17  Gateway  
  47  4:19  Forge  
  44  4:29  Probe  
  44  4:31  Probe  
  44  4:40  Probe  
  44  4:43  Probe  
  46  4:49  Pylon  
  46  4:52  Pylon  
  46  4:55  Photon Cannon  
  46  5:10  Protoss Ground Weapons Level 1  
  46  5:16  Stalker x4  
  46  5:20  Stalker  
  56  5:24  Probe  
  56  5:26  Probe  
  58  5:38  Twilight Council  
  58  5:40  Probe  
  58  5:42  Probe  
  60  5:50  Photon Cannon  
  60  5:55  Sentry x3  
  60  5:56  Sentry x2  
  70  5:57  Probe  
  70  5:59  Probe  
  72  6:09  Probe  
  74  6:11  Probe  
  74  6:19  Pylon  
  74  6:21  Sentry x5  
  74  6:23  Pylon  
  84  6:30  Nexus  
  84  6:35  Probe  
  84  6:37  Probe  
  86  6:49  Probe  
  86  6:51  Probe  
  88  7:00  Pylon, Blink  
  88  7:03  Pylon  
  88  7:18  Stalker x5  
  64  8:05  Stalker  
  64  8:06  Stalker x4  
  64  8:09  Probe x2  
  64  8:11  Probe  
  75  8:21  Gateway x2, Probe x2  
  75  8:22  Gateway x2  
  75  8:23  Probe  
  75  8:25  Protoss Ground Weapons Level 2  
  78  8:27  Gateway  
  78  8:32  Probe x2  
  80  8:35  Probe  
  80  8:37  Assimilator  
  80  8:39  Assimilator  
  81  8:45  Robotics Facility  
  81  8:50  Robotics Facility  
  81  8:57  Probe x2  
  81  8:59  Probe  
  84  9:08  Probe x2  
  86  9:11  Probe  
  87  9:18  Probe x2  
  87  9:22  Stalker x3  
  87  9:23  Stalker x2, Probe  
  100  9:28  Stalker x2  
  100  9:29  Stalker x3  
  104  10:19  Stalker x3  
  104  10:20  Stalker x7  
  122  11:01  Stalker x5  
  132  11:14  Pylon  
  132  11:15  Pylon  
  132  11:18  Pylon  
  130  11:22  Pylon x2  
  130  11:23  Pylon  
  130  11:24  Pylon  
  110  12:21  Stalker x7  
  110  12:22  Stalker x3  
  120  12:44  Nexus  
  120  12:45  Stalker x3  
  120  12:46  Pylon, Stalker x7  
  120  12:49  Pylon, Protoss Ground Weapons Level 3  
  140  13:13  Robotics Bay  
  140  13:21  Stalker x5  
  140  13:22  Stalker x5  
  72  13:51  Stalker x6  
  72  13:52  Stalker x4  
  92  14:15  Stalker x4  
  92  14:16  Stalker x6  
  112  14:25  Assimilator  
  112  14:27  Assimilator, Photon Cannon  
  112  14:30  Photon Cannon  
  112  14:40  Gateway  
  112  14:41  Gateway  
  112  14:42  Gateway  
  112  14:43  Gateway  
  112  14:44  Gateway  
  112  14:49  Gateway  
  112  14:50  Gateway  
  112  14:52  Gateway  
  112  14:54  Stalker x6  
  112  14:55  Stalker x2  
  128  15:00  Stalker  
  130  15:32  Sentry  
  130  15:33  Sentry x8  
  130  15:34  Sentry  
  150  15:46  Dark Shrine  
  88  16:08  Stalker x5  
  88  16:09  Stalker x6  
  88  16:10  Stalker x5  
Show
View Real Time Build Order
Export as new Build Order

Phobos Terran - Winner!

Build Orders:  

Get SALT Encoding   

  12  0:01  SCV  
  13  0:13  SCV  
  14  0:25  SCV  
  14  0:27  Supply Depot  
  15  0:36  Refinery  
  15  0:49  SCV  
  16  0:54  Barracks  
  16  1:01  SCV  
  17  1:13  SCV  
  18  1:37  SCV  
  19  1:45  Barracks Reactor  
  19  1:49  Refinery  
  19  1:51  Orbital Command  
  19  1:55  Supply Depot  
  19  1:56  Supply Depot  
  19  2:19  Factory  
  19  2:22  Marine x2  
  19  2:24  SCV  
  22  2:36  SCV  
  23  2:40  Marine x2  
  25  2:48  SCV  
  26  2:58  Marine x2  
  26  3:00  SCV  
  29  3:05  Factory Tech Lab  
  29  3:07  Command Center  
  29  3:13  SCV  
  29  3:16  Marine x2  
  29  3:18  Supply Depot  
  32  3:30  Siege Tank  
  32  3:34  Marine x2  
  37  3:51  Marine  
  37  3:52  Marine  
  39  4:01  SCV  
  39  4:02  Siege Tank  
  43  4:05  Engineering Bay  
  43  4:08  Armory  
  43  4:10  Starport  
  43  4:13  Marine  
  43  4:14  Marine  
  45  4:19  SCV  
  45  4:21  Orbital Command  
  46  4:31  SCV  
  47  4:32  Missile Turret  
  47  4:36  Missile Turret  
  47  4:42  Marine  
  47  4:43  SCV, Marine  
  50  4:47  Starport Reactor  
  50  4:49  SCV  
  51  4:55  SCV  
  51  4:59  Siege Tank  
  55  5:01  SCV  
  56  5:09  SCV  
  56  5:14  SCV  
  58  5:21  SCV  
  57  5:26  Medivac x2, SCV  
  62  5:43  Supply Depot  
  62  5:44  Supply Depot  
  62  5:45  Supply Depot  
  62  6:04  Marine x2  
  62  6:05  SCV x2  
  62  6:11  Barracks x2  
  66  6:13  Barracks  
  66  6:16  Terran Infantry Weapons Level 1  
  66  6:17  SCV x2  
  68  6:20  Armory  
  68  6:21  Engineering Bay  
  68  6:22  Marine x2  
  70  6:29  SCV x2  
  70  6:31  Liberator x2  
  72  6:40  Marine x2  
  72  6:41  SCV  
  72  6:46  Siege Tank  
  84  7:05  Marine x2  
  86  7:11  Supply Depot  
  86  7:13  Supply Depot  
  86  7:14  Terran Infantry Armor Level 1  
  86  7:15  Supply Depot  
  86  7:26  Marine  
  86  7:27  Barracks Reactor, Barracks Tech Lab x2  
  86  7:32  Marine  
  73  7:44  Marine  
  73  7:47  Marine x2  
  73  7:50  Marine  
  61  8:02  Marine  
  61  8:05  Marine x2  
  58  8:06  Combat Shields  
  58  8:07  Stimpack  
  58  8:08  Marine  
  58  8:09  Viking  
  58  8:10  SCV x2  
  65  8:13  Refinery x2  
  65  8:18  Command Center  
  65  8:20  Marine  
  65  8:23  Marine x2  
  65  8:25  Supply Depot  
  68  8:27  Marine  
  68  8:28  Supply Depot, Marine  
  68  8:31  Command Center  
  68  8:33  Marine  
  71  8:37  Marine  
  71  8:41  SCV x2, Marine x2  
  76  8:52  Liberator x2  
  76  8:53  SCV  
  76  8:54  SCV  
  78  9:03  Marine x2  
  78  9:04  Marine x4  
  78  9:06  SCV x2  
  78  9:07  Siege Tank  
  95  9:18  SCV x2  
  95  9:21  Marine  
  98  9:28  Marine  
  98  9:29  Marine x4  
  98  9:30  SCV x2  
  105  9:39  Marine  
  95  9:51  Marine x3  
  94  9:55  Marine x2  
  94  9:56  Marine  
  97  10:09  Marine x3  
  97  10:12  Marine  
  101  10:20  Marine x2  
  103  10:27  Marine x3  
  106  10:30  Marine  
  106  10:35  Medivac x2  
  111  10:37  Marine  
  111  10:38  Marine  
  111  10:40  Refinery  
  113  10:45  Marine x3  
  113  10:48  Liberator x2, Marine  
  116  10:55  Marine x2  
  118  11:02  Marine  
  118  11:03  Marine x2  
  118  11:04  Siege Tank  
  124  11:06  Marine  
  124  11:07  Orbital Command x2  
  124  11:10  SCV x2  
  132  11:13  Marine  
  97  11:22  SCV  
  97  11:23  SCV  
  93  11:34  Barracks x2  
  93  11:35  Barracks, SCV x2  
  93  11:36  Barracks  
  93  11:38  Terran Infantry Weapons Level 2, Terran Infantry Armor Level 2  
  93  11:39  Barracks, Marine x5  
  99  11:40  Marine  
  99  11:41  SCV x2  
  99  11:47  SCV x2  
  104  11:53  SCV x2  
  107  11:59  SCV  
  108  12:02  Refinery, Marine  
  108  12:03  Refinery, Marine x5  
  108  12:05  Siege Tank  
  108  12:07  Viking x2  
  121  12:17  Starport  
  121  12:20  Marine x2  
  121  12:21  Marine x3  
  121  12:22  Barracks Reactor  
  126  12:23  Barracks Reactor  
  126  12:29  Barracks Reactor, Marine x2  
  128  12:34  SCV x3  
  128  12:35  SCV  
  132  12:38  Marine x4, Siege Tank  
  132  12:39  Marine  
  140  12:47  Command Center  
  140  12:50  Marine x2  
  142  12:56  Marine x5  
  147  13:01  Marine x4  
  151  13:07  Marine  
  151  13:08  Marine  
  151  13:10  Siege Tank  
  156  13:18  Refinery  
  156  13:21  Supply Depot  
  156  13:22  Supply Depot, Marine x3  
  156  13:23  Supply Depot x2, Marine  
  121  13:34  Marine x5  
  121  13:36  Marine  
  121  13:37  Marine x3  
  121  13:40  Marine x4  
  114  13:52  Marine x5  
  114  13:54  Marine x2  
  114  13:55  Marine x2  
  116  13:58  Marine x4  
  108  14:06  Barracks Reactor, Siege Tank  
  108  14:09  Marine  
  107  14:10  Medivac x2, Marine x4  
  107  14:12  Starport Reactor, Marine x3  
  107  14:13  Marine  
  107  14:16  Marine x2  
  120  14:24  Command Center  
  119  14:27  Marine, Command Center  
  119  14:28  Marine  
  119  14:29  Marine x5  
  126  14:38  Siege Tank  
  129  14:40  Medivac  
  129  14:41  Viking  
  129  14:44  Marine x6  
  129  14:45  Marine  
  140  14:59  Supply Depot  
  140  15:01  Supply Depot x2  
  140  15:09  Viking x2  
  140  15:10  Viking, Siege Tank  
  140  15:11  Viking  
  151  15:39  Viking x3  
  151  15:42  Siege Tank  
  123  15:52  Marine  
  123  15:53  Marine x3  
  99  15:59  Planetary Fortress  
  99  16:02  Marine x7  
  99  16:03  Marine x4  
  107  16:14  Siege Tank  
  105  16:24  Marine x5  
  105  16:25  Marine x3  
  113  16:27  Marine x4  
  113  16:28  Marine x2  
Tags
 
Add a new tag
Caveats
  • Supply blocks, unpowered buildings, or Contaminate may cause inaccurate times.
  • Supply counts are checked every 10 seconds.